 Dungeon Crawl Stone Soup version 0.27-a0-1101-ge311f74bc8 (webtiles) character file.

Game seed: 15695596090507232057

4982 robertstho the Thaumaturge (level 10, 0/64 HPs)
             Began as a Djinni Fire Elementalist on Apr 28, 2021.
             Was an Initiate of Ashenzari.
             Shot with an arrow by a centaur (8 damage)
             ... on level 7 of the Dungeon.
             The game lasted 00:17:43 (8645 turns).

robertstho the Thaumaturge (DjFE)                   Turns: 8645, Time: 00:17:44

Health: 0/64       AC:  3    Str:  7    XL:     10   Next: 53%
Gold:   133        EV: 14    Int: 25    God:    Ashenzari [......] SH:  5 Dex: 15

rFire    + + .     SeeInvis +   i - +2 dagger (venom)
rCold    x . .     Faith    .   (no shield)
rNeg     . . .     Spirit   .   a - +0 robe
rPois    ∞         Reflect  +   (no helmet)
rElec    .         Harm     .   (no cloak)
rCorr    .         Rampage  .   f - +0 pair of gloves {Stlth+}
Will     +....                  (boots unavailable)
Stlth    ++++......             s - amulet of Ashenzari's Irritation {Reflect SH+5, Cun, Evo} (curse)
HPRegen  0.20/turn              w - +6 ring of intelligence
MPRegen  0.00/turn              v - ring of see invisible

@: flying
A: fire resistance 2, cold vulnerability 1, float, innate caster, hp casting,
extra vitality 1
a: Renounce Religion, Curse Item, Shatter the Chains


You were on level 7 of the Dungeon.
You worshipped Ashenzari.
Ashenzari was noncommittal.
You visited 2 branches of the dungeon, and saw 8 of its levels.

You collected 358 gold pieces.
You spent 225 gold pieces at shops.

Inventory:

Hand Weapons
 i - a +2 dagger of venom (weapon)
Missiles
 t - 4 curare-tipped darts
Armour
 a - a +0 robe (worn)
 f - a +0 pair of gloves of stealth (worn)
Jewellery
 s - the cursed amulet of Ashenzari's Irritation (around neck) {Reflect SH+5, Cun, Evo}
   (You took it off a kobold on level 4 of the Dungeon)

   [amulet of reflection]

   It reflects blocked missile attacks.
   It affects your SH (+5).
   It has a curse which improves the following skills: Cunning: Dodging and
   Stealth.
   Evocations: Evocations.
 v - a ring of see invisible (right hand)
 w - a +6 ring of intelligence (left hand)
 x - a +4 ring of slaying
Wands
 e - a wand of flame (40)
 r - a wand of acid (10)
Scrolls
 c - 2 scrolls of brand weapon
 g - a scroll of fog
 h - a scroll of teleportation
 j - a scroll of torment
 m - a scroll of blinking
 n - a scroll of magic mapping
 o - a scroll of holy word
 q - a scroll of immolation
Potions
 b - 4 potions of curing
 d - a potion of haste
 k - a potion of attraction
 l - a potion of invisibility
 p - 2 potions of ambrosia
 u - 3 potions of might


   Skills:
 + Level 2.0 Fighting
 + Level 4.3(4.8) Dodging
 + Level 4.8(5.3) Stealth
 + Level 1.1 Shields
 + Level 11.6 Spellcasting


You had 8 spell levels left.
You knew the following spells:

 Your Spells              Type           Power      Damage    Failure   Level
a - Foxfire               Conj/Fire      100%       2x1d9     1%          1
b - Conjure Flame         Conj/Fire      64%        6-21      1%          3
c - Inner Flame           Hex/Fire       64%        N/A       1%          3
d - Sticky Flame          Conj/Fire      64%        2d8       1%          4
e - Fireball              Conj/Fire      32%        3d14      1%          5
f - Corona                Hex            71%        N/A       1%          1
g - Searing Ray           Conj           100%       3d7       1%          2
h - Ensorcelled Hibernat  Hex/Ice        100%       N/A       1%          2
i - Lesser Beckoning      Tloc           32%        N/A       1%          3
Your spell library was empty.

Dungeon Overview and Level Annotations

Branches:
Dungeon (7/15)             Temple (1/1) D:4

Altars:
Ashenzari
Elyvilon
Fedhas
Gozag
Hepliaklqana
Makhleb
Nemelex Xobeh
Qazlal
Ru
Sif Muna
Trog
Uskayaw
Wu Jian
Xom
Zin
The Shining One

Shops:
D:5 [   D:6 [*:([


Innate Abilities, Weirdness & Mutations

You are immune to poison.
Your flesh is very heat resistant. (rF++)
You are vulnerable to cold. (rC-)
You float through the air rather than walking.
You learn spells naturally, not from books.
Your magical power is your life essence.
You have superior vitality. (+4 HP)


Message History

Casting: Fireball (dangerous; 1% risk of failure)
Confirm with . or Enter, or press ? or * to list all spells.
Aiming: Fireball (dangerous; 1% risk of failure)
Press: ? - help, Shift-Dir - straight line, f - orc priest
Aim: an orc priest, wielding a +0 hand axe and wearing a +0 leather armour The fireball explodes!
The fireball engulfs the orc priest!!
You kill the orc priest!
A two-headed ogre comes into view.
It is wielding a +0 giant club and a +0 giant spiked club.
A two-headed ogre is nearby!
Casting: Fireball (dangerous; 1% risk of failure)
Confirm with . or Enter, or press ? or * to list all spells.
Aiming: Fireball (dangerous; 1% risk of failure)
Press: ? - help, Shift-Dir - straight line, f - you
Okay, then.
A centaur comes into view.
Casting: Fireball (dangerous; 1% risk of failure)
Confirm with . or Enter, or press ? or * to list all spells.
Aiming: Fireball (dangerous; 1% risk of failure)
Press: ? - help, Shift-Dir - straight line The fireball explodes!
The fireball engulfs the two-headed ogre!!
The two-headed ogre is moderately wounded.
The centaur wields a +0 shortbow.
The centaur shoots an arrow.
The arrow hits you!
Casting: Fireball (dangerous; 1% risk of failure)
Confirm with . or Enter, or press ? or * to list all spells.
Aiming: Fireball (dangerous; 1% risk of failure)
Press: ? - help, Shift-Dir - straight line The fireball explodes!
The fireball engulfs the two-headed ogre!!
The two-headed ogre is almost dead.
The centaur shoots an arrow.
The arrow hits you!
* * * LOW HITPOINT WARNING * * *
A wyvern skeleton comes into view.
The centaur shoots an arrow.
The arrow hits you!
* * * LOW HITPOINT WARNING * * *
An orc comes into view. It is wielding a +0 club.
There is a stone staircase leading up here.
The centaur shoots an arrow.
The arrow hits you!
You die...

.... ... ..## ..
... ... . ##..
.... ..
..###..## ...
#.......# ....
##@.......
.#...##.......##
..............#
................
......O.........
...........÷..#.
.oc..)......#.#
......Z[...####
........)...


You could see a two-headed ogre, a centaur, an orc and a wyvern skeleton.

Vanquished Creatures
  An ogre mage (D:7)
  2 wizards (D:7)
  A kobold demonologist (D:6)
  2 water moccasins (D:6)
  3 sky beasts (D:6)
  4 orc warriors (D:6)
  A black bear (D:5)
  2 ice beasts
  3 ogres
  A centaur (D:5)
  A phantom (D:6)
  A bullfrog (D:6)
  4 scorpions
  A water moccasin skeleton (D:5)
  3 wights (D:6)
  4 howler monkeys
  A centaur zombie (D:6)
  2 bullfrog zombies
  4 hounds
  3 jellies
  4 orc priests
  2 bullfrog skeletons (D:6)
  A gnoll shaman (D:6)
  5 iguanas
  3 orc wizards
  Natasha (thrice) (D:4)
  A gnoll (D:1)
  10 adders
  A shadow imp (D:5)
  An ufetubus (D:5)
  11 orcs
  4 bats
  4 endoplasms
  5 giant cockroaches
  4 goblins
  4 hobgoblins
  4 jackals (D:4)
  7 kobolds
  A quokka (D:3)
  5 ball pythons
  3 frilled lizards
  5 rats
132 creatures vanquished.

Vanquished Creatures (others)
  546 foxfires
  7 plants
553 creatures vanquished.

Grand Total: 685 creatures vanquished

Notes
Turn   | Place    | Note
-------+----------+-------------------------------------------
     0 | D:1      | robertstho the Djinni Fire Elementalist began the quest for
                  | the Orb.
     0 | D:1      | Reached XP level 1. HP: 15/15 MP: 0/0
   511 | D:1      | Reached skill level 3 in Spellcasting
   511 | D:1      | Reached XP level 2. HP: 20/21 MP: 0/0
   967 | D:1      | Reached XP level 3. HP: 21/25 MP: 0/0
   967 | D:1      | Learned a level 1 spell: Corona
  1800 | D:2      | Reached XP level 4. HP: 26/31 MP: 0/0
  1863 | D:2      | Reached skill level 4 in Spellcasting
  2915 | D:4      | Noticed a scorpion
  2925 | D:4      | Killed a scorpion
  2926 | D:4      | Reached XP level 5. HP: 11/35 MP: 0/0
  2926 | D:4      | Learned a level 2 spell: Searing Ray
  2997 | D:4      | Noticed Natasha
  3241 | D:4      | Killed Natasha
  3390 | D:4      | Reached skill level 5 in Spellcasting
  3396 | D:4      | Reached XP level 6. HP: 28/40 MP: 0/0
  4045 | D:4      | Noticed Natasha
  4055 | D:4      | Killed Natasha
  4124 | D:4      | Noticed Natasha
  4136 | D:4      | Killed Natasha
  4299 | D:4      | Found a staircase to the Ecumenical Temple.
  4308 | Temple   | Entered the Ecumenical Temple
  4314 | Temple   | Became a worshipper of Ashenzari the Shackled
  4504 | D:5      | Entered Level 5 of the Dungeon
  4509 | D:5      | Reached skill level 6 in Spellcasting
  4509 | D:5      | Reached XP level 7. HP: 38/45 MP: 0/0
  4509 | D:5      | Learned a level 2 spell: Ensorcelled Hibernation
  4622 | D:5      | Found Jemoajoy's Armour Shoppe.
  5068 | D:5      | Found an opulent altar of Gozag.
  5069 | D:5      | Found a stormy altar of Qazlal.
  5070 | D:5      | Found a blossoming altar of Fedhas.
  5070 | D:5      | Found a hazy altar of Hepliaklqana.
  5117 | D:5      | Reached skill level 7 in Spellcasting
  5117 | D:5      | Reached XP level 8. HP: 37/51 MP: 0/0
  5764 | D:6      | Reached skill level 8 in Spellcasting
  6038 | D:6      | Reached skill level 1 in Fighting
  6231 | D:6      | Reached XP level 9. HP: 52/57 MP: 0/0
  6231 | D:6      | Learned a level 3 spell: Lesser Beckoning
  6239 | D:6      | Reached skill level 9 in Spellcasting
  6557 | D:6      | Found Diklaum's Antique Armour Shoppe.
  6563 | D:6      | Bought a pair of runed gloves for 225 gold pieces
  6909 | D:6      | Found Paheobb's Assorted Antiques.
  7189 | D:6      | Found Xoyrchal's Weapon Emporium.
  7200 | D:6      | Found Suvuop's Book Shop.
  7367 | D:6      | Found Heclal's Armour Boutique.
  7629 | D:6      | Reached skill level 10 in Spellcasting
  7717 | D:6      | Noticed a kobold demonologist
  7720 | D:6      | Killed a kobold demonologist
  8305 | D:7      | Reached XP level 10. HP: 50/63 MP: 0/0
  8314 | D:7      | Noticed a wizard
  8315 | D:7      | Noticed a wizard
  8317 | D:7      | Noticed an ogre mage
  8318 | D:7      | Killed a wizard
  8319 | D:7      | Reached skill level 1 in Shields
  8319 | D:7      | Reached skill level 11 in Spellcasting
  8320 | D:7      | Killed a wizard
  8323 | D:7      | Killed an ogre mage
  8640 | D:7      | Noticed a two-headed ogre
  8645 | D:7      | Shot with an arrow by a centaur

Illustrated notes

Levels and vault maps discovered:
D:1:      nzn_arrival_depleted_hourglass, layout_loops_ring
D:2:      layout_rooms, st_stairs_7
D:3:      layout_loops_cross
D:4:      layout_basic, minmay_temple_entry_gardened_gates, uniq_natasha
D:5:      layout_rooms, grunt_temple_overflow_open, serial_shops, shop,
          grunt_ministairs_12, minmay_starry_boxes
D:6:      kennysheep_windowed_halls, layout_loops_ring, serial_shops,
          nicolae_shop_crystal, kennysheep_little_box, shop,
          nicolae_shop_crystal, nicolae_shop_crystal, serial_aquarium,
          aquarium_bridge_square [aquarium_subvault_bridge,
          aquarium_subvault_wall, aquarium_subvault_bridge,
          aquarium_subvault_window], aquarium_window_1, aquarium_window_2,
          aquarium_window_2, aquarium_window_1, aquarium_view_2e,
          aquarium_view_2a, aquarium_balcony_3b
D:7:      minmay_the_grid_plus [minmay_the_grid_tri_star,
          minmay_the_grid_garden, minmay_the_grid_pillar_ring,
          minmay_the_grid_rooms, minmay_the_grid_prize_four_corners],
          layout_cave_pools, minmay_fire_ice_demons
Temple:   eino_narrow_crystal_temple

Skill      XL: |  1  2  3  4  5  6  7  8  9 10 |
---------------+-------------------------------+-----
Spellcasting   | 3 4 5 6 7 8 10 11 | 11.6
Stealth        | 2 3 4 |  4.8
Dodging        | 3 4 |  4.3
Fighting       | 1 2 |  2.0
Shields        | 1 |  1.1

Action                   |  1- 3 |  4- 6 |  7- 9 | 10-12 || total
-------------------------+-------+-------+-------+-------++-------
Melee: Dagger            |       |     6 |     3 |       ||     9
 Cast: Foxfire           |    76 |   104 |   148 |       ||   328
       Sticky Flame      |       |     2 |    18 |       ||    20
       Fireball          |       |       |    25 |    11 ||    36
Invok: Curse Item        |       |       |     1 |       ||     1
  Use: Scroll            |       |     3 |     2 |       ||     5
       Potion            |       |       |     1 |       ||     1
Armor: Robe              |       |     2 |     3 |       ||     5
Dodge: Dodged            |     1 |    12 |    14 |       ||    27
Block: Other             |       |       |     7 |       ||     7
       Reflection        |       |       |     1 |       ||     1

Table legend: (Time is in decaauts)
 A = Elapsed time spent in this place.
 B = Non-inter-level travel time spent in this place.
 C = Inter-level travel time spent in this place.
 D = Time resting spent in this place.
 E = Time spent auto-exploring this place.
 F = Levels seen in this place.
 G = Mean time per level.
                   A        B        C        D        E       F      G
               +--------+--------+--------+--------+--------+-----+--------+
         Total |   8650 |   8422 |    228 |   1303 |   6231 |   8 | 1081.2 |
       Dungeon |   8600 |   8384 |    216 |   1303 |   6208 |   7 | 1228.6 |
        Temple |     49 |     38 |     11 |      0 |     23 |   1 |   49.0 |
               +--------+--------+--------+--------+--------+-----+--------+

Top non-repeatable levels by time:
     D:6: 2973 daAuts
     D:4: 1349 daAuts
     D:1: 1306 daAuts
     D:5: 1120 daAuts
     D:3: 959 daAuts
     D:2: 845 daAuts
  Temple: 49 daAuts
     D:7: 46 daAuts
